 Dungeon Crawl Stone Soup version 0.24.0-125-gc4c63601f3 (webtiles) character file.

Game seed: 8312421283533812636, levelgen mode: deterministic

158 Amplified the Sneak (level 5, -14/32 HPs)
             Began as a Gargoyle Assassin on Mar 3, 2020.
             Demolished by an ogre
             ... wielding a +0 giant spiked club
              (27 damage)
             ... on level 4 of the Dungeon.
             The game lasted 00:02:49 (2718 turns).

Amplified the Sneak (Gargoyle Assassin)             Turns: 2718, Time: 00:02:50

Health: -14/32     AC: 11    Str: 15    XL:     5   Next: 39%
Magic:  5/5        EV: 12    Int: 12    God:
Gold:   179        SH:  0    Dex: 11    Spells: 4/4 levels left

rFire    . . .     SeeInvis +   h - +1 rapier
rCold    + . .     Gourm    +   (no shield)
rNeg     + . .     Faith    .   r - +2 robe {rC+}
rPois    ∞         Spirit   .   (no helmet)
rElec    +         Reflect  .   c - +2 cloak
rCorr    .         Harm     .   (no gloves)
MR       .....                  (no boots)
Stlth    +++.......             g - amulet of the gourmand
HPRegen  0.10/turn              l - ring of stealth
MPRegen  0.09/turn              i - ring of see invisible (curse)

@: no status effects
A: negative energy resistance 1, electricity resistance, unbreathing,
petrification resistance, rot immunity, AC +4
a: no special abilities


You were on level 4 of the Dungeon.
You were not hungry.

You visited 1 branch of the dungeon, and saw 4 of its levels.

You collected 179 gold pieces.

Inventory:

Hand Weapons
 a - a +2 dagger
 h - a +1 rapier (weapon)
Missiles
 d - 5 poisoned darts (quivered)
 e - 2 curare-tipped darts
Armour
 c - a +2 cloak (worn)
 r - a +2 robe of cold resistance (worn)
Jewellery
 g - an amulet of the gourmand (around neck)
 i - a cursed ring of see invisible (right hand)
 l - a ring of stealth (left hand)
Scrolls
 j - 4 scrolls of remove curse
 n - 2 scrolls of teleportation
Potions
 k - a potion of curing
 m - 2 potions of lignification {unknown}
 o - 2 potions of magic {unknown}
 q - a potion of brilliance {unknown}
Comestibles
 f - 5 rations


   Skills:
 * Level 3.4 Fighting
 * Level 2.8 Short Blades
 - Level 1.7 Throwing
 * Level 2.4 Armour
 * Level 2.1 Dodging
 - Level 4.3 Stealth


You had 4 spell levels left.
You didn't know any spells.
Your spell library contained the following spells:

 Spells                   Type           Power        Failure   Level  Hunger
 Corona                   Hex            #......      32%         1    ##.....
 Ensorcelled Hibernation  Hex/Ice        #.....       45%         2    ###....
 Confuse                  Hex            #.......     69%         3    ####...
 Dazzling Spray           Conj/Hex       #.....       69%         3    ####...
 Tukima's Dance           Hex            #.......     69%         3    ####...


Dungeon Overview and Level Annotations

Branches:
Dungeon (4/15)
 Temple: D:4-7

Altars:


Innate Abilities, Weirdness & Mutations

You are resistant to torment.
Your stone body is resilient. (AC +4)
You are immune to poison.
You resist negative energy. (rN+)
You are resistant to electric shocks. (rElec)
You can survive without breathing.
You are immune to petrification.
You are immune to rotting.


Message History

The adder is heavily wounded.
The adder bites you but does no damage.
You puncture the adder!
You kill the adder!
You hit the ogre but do no damage.
The ogre is moderately wounded.
The ogre hits you with a +0 giant spiked club!!
Ouch! That really hurt!
* * * LOW HITPOINT WARNING * * *
You are too injured to fight recklessly!
Items here: ))) [ a +0 war axe; a +0 dagger; a +0 robe; a +0 dagger
Okay, then.
Okay, then.
You feel better. The ogre barely misses you.
You barely miss the ogre.
The ogre is severely wounded.
The ogre hits you with a +0 giant spiked club!!
Ouch! That really hurt!
You die...

### #.# ######.#
#......# #.# #.#
##.###)#############
#<.................#
#......#...........#
##..####......O@...#
#...((#...........#
#.###.#...........###+
#.# #.......(.........
#.###....#####...####
#........# ###...##
######...# #......#
#...# #......# #...#
#......#


You could see an ogre.

Vanquished Creatures
  An orc wizard (D:4)
  Jessica (D:3)
  A worker ant (D:2)
  2 adders
  2 worms
  3 dart slugs
  2 leopard geckos
  2 orcs (D:4)
  A ball python (D:3)
  4 giant cockroaches
  3 goblins
  5 hobgoblins
  2 jackals (D:1)
  5 bats
  3 frilled lizards
  6 kobolds
  7 rats
50 creatures vanquished.

Notes
Turn   | Place    | Note
-------+----------+-------------------------------------------
     0 | D:1      | Amplified the Gargoyle Assassin began the quest for the
                  | Orb.
     0 | D:1      | Reached XP level 1. HP: 12/12 MP: 1/1
   130 | D:1      | Reached skill level 1 in Dodging
   142 | D:1      | Reached XP level 2. HP: 18/18 MP: 2/2
   621 | D:2      | Reached skill level 1 in Armour
   621 | D:2      | Reached XP level 3. HP: 12/22 MP: 3/3
  1675 | D:3      | Reached XP level 4. HP: 25/27 MP: 4/4
  1779 | D:3      | Noticed Jessica
  1793 | D:3      | Killed Jessica
  2538 | D:3      | Reached XP level 5. HP: 32/32 MP: 5/5
  2669 | D:4      | Noticed an ogre
  2718 | D:4      | Demolished by an ogre

Levels and vault maps discovered:
D:1:      dpeg_arrival_rooms_a, layout_loops_cross,
          minmay_misc_feat_more_columns
D:2:      layout_loops_cross
D:3:      minmay_razor_zed, layout_loops_corners, kennysheep_generic_room_2,
          uniq_jessica
D:4:      layout_basic, first_ration

Skill      XL: |  1  2  3  4 |
---------------+-------------+-----
Dodging        | 1 2 |  2.1
Short Blades   | 2 |  2.8
Armour         | 1 2 |  2.4
Fighting       | 3 |  3.4
Throwing       | |  1.7
Stealth        | |  4.3

Action                   |  1- 3 |  4- 6 || total
-------------------------+-------+-------++-------
Melee: Dagger            |    54 |       ||    54
       Rapier            |    38 |    83 ||   121
Throw: Dart              |     6 |    14 ||    20
  Use: Scroll            |     5 |     4 ||     9
       Potion            |     1 |     2 ||     3
 Stab: Sleeping          |     4 |     8 ||    12
  Eat: Chunk             |     4 |     7 ||    11
Armor: Robe              |    31 |    44 ||    75
Dodge: Dodged            |    60 |    48 ||   108
